 Dungeon Crawl Stone Soup version 0.30-a0-165-g1891117ce2 (webtiles) character file.

Game seed: 16677308259643397657

98 squinnward the Trooper (level 4, 0/39 HPs)
             Began as a Demonspawn Chaos Knight on Sept 28, 2022.
             Was a Plaything of Xom.
             Slain by a troll (shapeshifter) (6 damage)
             ... on level 3 of the Dungeon.
             The game lasted 00:08:09 (1849 turns).

squinnward the Trooper (Demonspawn Chaos Knight)    Turns: 1849, Time: 00:08:09

Health: 0/39       AC:  6    Str: 14    XL:     4   Next: 44%
Magic:  4/4        EV: 15    Int: 13    God:    Xom [.....*]
Gold:   63         SH:  0    Dex: 13    Spells: 3/3 levels left

rFire   . . .      SeeInvis .    a - +0 hand axe (chaos)
rCold   . . .      Faith    .    (no shield)
rNeg    . . .      Spirit   .    b - +2 leather armour
rPois   .          Reflect  .    (helmet restricted)
rElec   .          Harm     .    (no cloak)
rCorr   .          Rampage  .    n - +0 pair of gloves
Will    .....                    (no boots)
Stlth   +.........               (no amulet)
HPRegen 0.13/turn                (no ring)
MPRegen 0.09/turn                (no ring)

@: no status effects
A: repulsion field 2, hooves 1, horns 1
a: Renounce Religion


You were on level 3 of the Dungeon.
You worshipped Xom.
You were Xom's teddy bear.
You visited 1 branch of the dungeon, and saw 3 of its levels.

You collected 63 gold pieces.

Inventory:

Hand Weapons
 a - a +0 hand axe of chaos (weapon)
Armour
 b - a +2 leather armour (worn)
 n - a +0 pair of gloves (worn)
Wands
 p - a wand of charming (8)
Scrolls
 e - 3 scrolls of enchant armour {unknown}
 g - 3 scrolls of immolation {unknown}
 h - 4 scrolls of identify {unknown}
 j - 2 scrolls of vulnerability {unknown}
 k - a scroll of poison {unknown}
 l - a scroll of summoning {unknown}
 o - 2 scrolls of fear {unknown}
Potions
 d - a potion of curing {unknown}
 f - a potion of attraction {unknown}
 i - a potion of heal wounds {unknown}
 m - a potion of ambrosia {unknown}
Miscellaneous
 c - a piece from Xom's chessboard (15/15) (quivered)


   Skills:
 + Level 5.3 Fighting
 + Level 5.0 Axes
 + Level 3.2 Armour
 + Level 2.7 Dodging
 + Level 0.1 Stealth


You had 3 spell levels left.
You didn't know any spells.
Your spell library was empty.

Dungeon Overview and Level Annotations

Branches:
Dungeon (3/15)

Altars:
Nemelex Xobeh


Innate Abilities, Weirdness & Mutations

You are surrounded by a moderate repulsion field. (EV +3)
You have large cloven feet.
You have a pair of small horns on your head.


Message History

The adder is severely wounded.
The adder bites you but does no damage.
You hit the adder but do no damage. You kick the adder.
You kill the adder!
Found a scroll labelled PEOTSU OKLIUS.
Found a jewelled lead wand.
o - 2 scrolls labelled PEOTSU OKLIUS (gained 1)
p - a wand of charming (8)
You open the door.
An endoplasm comes into view.
There is an open door here.
The helpless endoplasm fails to defend itself.
You slash the endoplasm!
You kill the endoplasm!
There is an open door here.
You open the door.
Found a sparkling altar of Nemelex Xobeh.
You open the door.
An orc comes into view. It is wielding a +0 club.
The orc shouts!
The orc completely misses you.
There is an open door here.
You hit the orc but do no damage.
The orc changes into a shapeshifter!
Xom thinks this is hilarious!
Your kick misses the shapeshifter. Your headbutt misses the shapeshifter.
The shapeshifter changes into a troll!
You closely miss the troll. Your kick misses the troll. The troll misses you.
The troll claws you! The troll closely misses you.
You closely miss the troll. Your kick misses the troll. You headbutt the troll.
The troll is lightly wounded.
The troll closely misses you. The troll claws you! The troll claws you.
You closely miss the troll. Your headbutt misses the troll.
The troll closely misses you. The troll claws you!
* * * LOW HITPOINT WARNING * * *
A shower of butterflies erupts from you!
The troll claws you but does no damage. The troll attacks as you move away!
The troll barely misses you. The troll claws you.
You die...
Xom howls with laughter!

..# # #.# #.#.# ###
.#.. ###.#.# ##.# ....
#..#..## ._. ...
#.#.#... ####b####..#
#.#†#.## ##..#'#..##.#
#.#.#.# #...bb@T..#.#
##.#..#..
##.##.##b##.###....#.##
###b#.###.........###
...#.....####...##
..#.###....#####.##
...................#
#.#######.##.####### #
#.##.# #.##.#


You could see a troll shaped shifter (ally target).

Vanquished Creatures
  A gnoll (D:1)
  2 adders
  5 ball pythons
  A bat (D:1)
  6 endoplasms
  2 giant cockroaches (D:2)
  9 goblins
  4 hobgoblins
  6 jackals (D:2)
  2 kobolds
  2 quokkas
  3 rats
43 creatures vanquished.

Vanquished Creatures (others)
  10 plants
10 creatures vanquished.

Grand Total: 53 creatures vanquished

Notes
Turn   | Place    | Note
-------+----------+-------------------------------------------
     0 | D:1      | squinnward the Demonspawn Chaos Knight began the quest for
                  | the Orb.
     0 | D:1      | Reached XP level 1. HP: 18/18 MP: 1/1
   222 | D:1      | XOM: potion effect (experience)
   222 | D:1      | Reached skill level 5 in Fighting
   222 | D:1      | Gained mutation: You are surrounded by a mild repulsion
                  | field. (EV +2) [demonic ancestry]
   222 | D:1      | Reached XP level 2. HP: 14/27 MP: 2/2
   227 | D:1      | Reached XP level 3. HP: 15/33 MP: 3/3
   612 | D:1      | Found a faded altar of an unknown god.
   947 | D:1      | XOM is BORED!
  1138 | D:2      | Gained mutation: You are surrounded by a moderate repulsion
                  | field. (EV +3) [demonic ancestry]
  1138 | D:2      | Reached XP level 4. HP: 36/39 MP: 4/4
  1607 | D:2      | XOM: give mutations
  1607 | D:2      | Gained mutation: You have a pair of small horns on your
                  | head. [Xom's grace]
  1607 | D:2      | Gained mutation: You have large cloven feet. [Xom's grace]
  1787 | D:3      | Reached skill level 5 in Axes
  1842 | D:3      | Found a sparkling altar of Nemelex Xobeh.
  1845 | D:3      | an orc changed into a shapeshifter
  1845 | D:3      | Noticed a shapeshifter (shapeshifter)
  1845 | D:3      | a shapeshifter changed into a troll
  1845 | D:3      | Noticed a troll (shapeshifter)
  1848 | D:3      | XOM: butterfly on damage
  1849 | D:3      | Slain by a troll (shapeshifter)

Illustrated notes

Levels and vault maps discovered:
D:1:      lightli_arrival_maybe_door_vault, layout_basic,
          hellmonk_ecumenical_altar_run_dry, nicolae_grassy_gnolls
D:2:      layout_loops_cross, minmay_shallow_snake_nest
D:3:      layout_loops_ring, nemelex_dance_club_becter,
          dreamdust_princess_corridor

Skill      XL: |  1  2  3  4 |
---------------+-------------+-----
Fighting       | 5 |  5.3
Axes           | 4 5 |  5.0
Armour         | 3 |  3.2
Dodging        | 2 |  2.7
Stealth        | |  0.1

Action                   |  1- 3 |  4- 6 || total
-------------------------+-------+-------++-------
Melee: Hand axe          |    89 |    46 ||   135
       Punch             |     1 |       ||     1
       Kick              |       |     2 ||     2
       Headbutt          |       |     2 ||     2
 Stab: Sleeping          |       |     1 ||     1
Armor: Leather armour    |    23 |     9 ||    32
Dodge: Dodged            |    52 |    33 ||    85

Table legend: (Time is in decaauts)
 A = Elapsed time spent in this place.
 B = Non-inter-level travel time spent in this place.
 C = Inter-level travel time spent in this place.
 D = Time resting spent in this place.
 E = Time spent auto-exploring this place.
 F = Levels seen in this place.
 G = Mean time per level.
                   A        B        C        D        E       F      G
               +--------+--------+--------+--------+--------+-----+--------+
         Total |   1858 |   1858 |      0 |      0 |    830 |   3 |  619.3 |
       Dungeon |   1858 |   1858 |      0 |      0 |    830 |   3 |  619.3 |
               +--------+--------+--------+--------+--------+-----+--------+

Top non-repeatable levels by time:
     D:1: 953 daAuts
     D:2: 754 daAuts
     D:3: 150 daAuts
